 Dungeon Crawl Stone Soup version 0.17-a0-377-gdd46233 (webtiles) character file.

1607 McCoppin the Basher (level 8, -6/56 HPs)
             Began as a Mummy Gladiator on Apr 2, 2015.
             Was an Initiate of Ashenzari.
             Mangled by herpmino's ghost (18 damage)
             ... on level 6 of the Dungeon.
             The game lasted 00:22:01 (7076 turns).

McCoppin the Basher (Mummy Gladiator)               Turns: 7076, Time: 00:22:01

Health: -6/56      AC:  9    Str: 19    XL:     8   Next: 63%
Magic:  8/8        EV:  8    Int:  7    God:    Ashenzari [......]
Gold:   218        SH:  0    Dex: 13    Spells: 0 memorised, 7 levels left

rFire  x . .     SeeInvis .     a - +1 flail
rCold  + . .     Clarity  .     m - +0 chain mail (curse)
rNeg   + + +     SustAb   .     (no shield)
rPois  ∞         Gourm    .     c - +0 helmet (curse)
rElec  .         Spirit   .     (no cloak)
rCorr  .         Warding  .     (no gloves)
rMut   .         Stasis   .     (no boots)
MR     +....                    (no amulet)
Stlth  ..........               (no ring)
                                (no ring)

@: about to teleport, somewhat resistant to hostile enchantments, extremely
unstealthy
A: no food or potions, fire vulnerability, cold resistance 1, negative energy
resistance 3, torment resistance, unbreathing
a: Renounce Religion


You were on level 6 of the Dungeon.
You worshipped Ashenzari.
Ashenzari was noncommittal.
You were not hungry.

You visited 2 branches of the dungeon, and saw 7 of its levels.

You collected 218 gold pieces.

Inventory:

Hand weapons
 a - a +1 flail (weapon)
 f - a +0 whip
 r - a +1 whip of freezing
Missiles
 e - 39 poisoned needles
Armour
 b - a +0 leather armour
 c - a cursed +0 helmet (worn)
 g - a +0 ring mail
 m - a cursed +0 chain mail (worn)
Magical devices
 k - a wand of polymorph (10)
 l - a wand of confusion (14)
 o - a wand of enslavement (0)
Scrolls
 d - a scroll of immolation
 i - 6 scrolls of identify
 j - 2 scrolls of enchant weapon
 n - 2 scrolls of curse armour
 p - 2 scrolls of curse jewellery
 q - a scroll of amnesia
 s - a scroll of teleportation
Books
 h - a book of Cantrips

   Spells                             Type                      Level
   a - Corona                         Hexes                        1
   b - Animate Skeleton               Necromancy                   1
   c - Summon Small Mammal            Summoning                    1
   d - Apportation                    Translocation                1


   Skills:
 - Level 2.0 Fighting
 + Level 9.5 Maces & Flails
 - Level 1.5 Throwing
 - Level 2.4 Dodging


You had 7 spell levels left.
You didn't know any spells.

Dungeon Overview and Level Annotations

Branches:
Dungeon (6/15)             Temple (1/1) D:5

Altars:
Ashenzari
Cheibriados
Dithmenos
Elyvilon
Gozag
Kikubaaqudgha
Makhleb
Nemelex Xobeh
Okawaru
Qazlal
Ru
Sif Muna
Trog
Vehumet
Xom
Yredelemnul
Zin
The Shining One

Annotations:
D:6 herpmino's ghost, experienced OpWz


Innate Abilities, Weirdness & Mutations

You do not eat or drink.
Your flesh is vulnerable to fire.
You are immune to poison.
Your flesh is cold resistant.
You are immune to negative energy.
You are immune to unholy pain and torment.
You can survive without breathing.


Message History

A goblin comes into view. It is wielding a dagger.
The goblin shouts!
You hit herpmino's ghost but do no damage.
Herpmino's ghost is heavily damaged.
Herpmino's ghost casts a spell at you.
The ball explodes into a vile cloud!
The stinking cloud engulfs you!
The stinking cloud engulfs herpmino's ghost.
You hear a shout!
You hit herpmino's ghost but do no damage.
Herpmino's ghost is heavily damaged.
Herpmino's ghost hits you but does no damage.
You are electrocuted!
* * * LOW HITPOINT WARNING * * *
Unknown command.
Read which item? (? for menu, Esc to quit)
As you read the scroll of teleportation, it crumbles to dust.
You feel strangely unstable.
Herpmino's ghost hits you but does no damage.
You are electrocuted!
You die...

,,,,,*,,,,,.....# #.#.#
#.#.# ,,,,,*,,,,......#
#.#.# #.#.#
,,,,,*,,,.......# #.#.#
#.#.# ******,,........#
#.#.######.#.# *,,........#
#.#........#..
*,,........####.############
*,......................,,,.
*,....F...§§§......#####***#
******,........W@§g.)...# #
,,,,,,,,.......§.§......#
######
,,,,,,,,.###########...##
#..... ,,,,,,,,,* #...#
#..... ********** #...#
#..... #...# #..... #...#
#..... #..,* #..... *,,,*
#.....


You could see a giant frog (confused), herpmino's ghost and a goblin.

Vanquished Creatures
  Pikel (D:6)
  2 ogres (D:4)
  2 slaves (D:6)
  An ice beast (D:6)
  A giant frog (D:6)
  3 crimson imps
  An orc priest (D:4)
  2 hounds (D:4)
  3 orc wizards (D:4)
  Ijyb (D:3)
  An iguana (D:5)
  A giant frog skeleton (D:4)
  Jessica (D:3)
  Terence (D:2)
  Natasha (thrice) (D:3)
  4 worker ants
  A hound zombie (D:6)
  Robin (D:3)
  8 adders
  8 gnolls
  A giant mite (D:1)
  5 worms
  4 giant geckos
  9 orcs
  13 bats
  A bat skeleton (D:4)
  A bat zombie (D:6)
  2 giant cockroaches
  25 goblins
  17 hobgoblins
  6 jackals
  3 quokkas
  3 ball pythons
  2 giant newts
  A jackal skeleton (D:6)
  13 kobolds
  9 rats
161 creatures vanquished.

Vanquished Creatures (others)
  2 slaves (D:6)
  A worker ant (D:6)
3 creatures vanquished.

Grand Total: 164 creatures vanquished

Notes
Turn   | Place    | Note
--------------------------------------------------------------
     0 | D:1      | McCoppin, the Mummy Gladiator, began the quest for the Orb.
     0 | D:1      | Reached XP level 1. HP: 16/16 MP: 1/1
   247 | D:1      | Reached XP level 2. HP: 22/22 MP: 2/2
   292 | D:1      | Reached skill level 3 in Maces & Flails
   892 | D:1      | Reached XP level 3. HP: 25/27 MP: 3/3
  1578 | D:2      | Reached skill level 4 in Maces & Flails
  1578 | D:2      | Reached XP level 4. HP: 22/33 MP: 4/4
  1689 | D:2      | Found a shadowy altar of Dithmenos.
  2052 | D:2      | Noticed Terence
  2071 | D:2      | Killed Terence
  2395 | D:2      | Reached XP level 5. HP: 38/38 MP: 5/5
  2449 | D:3      | Noticed Natasha
  2459 | D:3      | Killed Natasha
  2605 | D:3      | Noticed Jessica
  2611 | D:3      | Killed Jessica
  2611 | D:3      | Reached skill level 5 in Maces & Flails
  2623 | D:3      | Noticed Robin
  2646 | D:3      | Found a sparkling altar of Nemelex Xobeh.
  2649 | D:3      | Killed Robin
  2690 | D:3      | Noticed Natasha
  2698 | D:3      | Killed Natasha
  2909 | D:3      | Noticed Natasha
  2917 | D:3      | Killed Natasha
  3158 | D:3      | Found a glowing silver altar of Zin.
  3161 | D:3      | Found a stormy altar of Qazlal.
  3322 | D:3      | Found a sacrificial altar of Ru.
  3332 | D:3      | Reached XP level 6. HP: 44/44 MP: 6/6
  3621 | D:3      | Found a shimmering altar of Xom.
  3701 | D:3      | Noticed Ijyb
  3738 | D:3      | Killed Ijyb
  3738 | D:3      | Reached skill level 6 in Maces & Flails
  4432 | D:4      | Found a radiant altar of Vehumet.
  4448 | D:4      | Reached XP level 7. HP: 36/50 MP: 7/7
  4692 | D:4      | Reached skill level 7 in Maces & Flails
  5346 | D:5      | Entered Level 5 of the Dungeon
  5518 | D:5      | Found a staircase to the Ecumenical Temple.
  5534 | Temple   | Entered the Ecumenical Temple
  5609 | Temple   | Became a worshipper of Ashenzari the Shackled
  5684 | D:5      | Reached skill level 8 in Maces & Flails
  6049 | D:6      | Noticed Pikel
  6168 | D:6      | Reached XP level 8. HP: 24/56 MP: 8/8
  6385 | D:6      | Killed Pikel
  6385 | D:6      | Reached skill level 9 in Maces & Flails
  7057 | D:6      | Noticed herpmino's ghost (experienced OpWz)
  7076 | D:6      | Mangled by herpmino's ghost

Action                   |  1- 3 |  4- 6 |  7- 9 || total
-------------------------+-------+-------+-------++-------
Melee: Flail             |   133 |   346 |   287 ||   766
       Whip              |       |       |     8 ||     8
Throw: Throwing net      |       |       |     3 ||     3
Evoke: Wand              |       |       |     4 ||     4
  Use: Scroll            |     1 |     1 |    11 ||    13
 Stab: Held in net/web   |       |       |     3 ||     3
       Confused          |       |       |     2 ||     2
